 Dungeon Crawl Stone Soup version 0.19-a0-1820-gbf060b2 (console) character file.

21 Gottschkopf the Magician (level 2, 0/15 HPs)
             Began as a Deep Elf Air Elementalist on Oct 6, 2016.
             Slain by a goblin (7 damage)
             ... led by Robin
             ... on level 2 of the Dungeon.
             The game lasted 00:01:27 (813 turns).

Gottschkopf the Magician (Deep Elf Air Elementalist) Turns: 813, Time: 00:01:27

Health: 0/15       AC:  2    Str:  5    XL:     2   Next: 62%
Magic:  8/9        EV: 13    Int: 19    God:
Gold:   59         SH:  0    Dex: 15    Spells: 3 memorised, 5 levels left

rFire  . . .     SeeInvis .     (no weapon)
rCold  . . .     Gourm    .     a - +0 robe
rNeg   . . .     Faith    .     (no shield)
rPois  .         Spirit   .     (no helmet)
rElec  .         Dismiss  .     (no cloak)
rCorr  .         Reflect  .     (no gloves)
MR     .....     Harm     +     (no boots)
Stlth  ++........               k - amulet of harm
                                (no ring)
                                (no ring)

@: very slightly contaminated, repel missiles
A: no striking features
a: no special abilities


You were on level 2 of the Dungeon.
You were not hungry.

You visited 1 branch of the dungeon, and saw 2 of its levels.

You collected 59 gold pieces.

Inventory:

Armour
 a - a +0 robe (worn)
Jewellery
 k - an amulet of harm (around neck)
Scrolls
 d - 2 scrolls of recharging {unknown}
 e - a scroll of fog {unknown}
 h - a scroll of remove curse {unknown}
 j - a scroll of amnesia {unknown}
Potions
 i - a potion of ambrosia {unknown}
Books
 b - a book of Air

   Spells                             Type                      Level
   a - Shock                          Conjuration/Air              1
   b - Swiftness                      Charms/Air                   2
   c - Repel Missiles                 Charms/Air                   2
   d - Static Discharge               Conjuration/Air              3
   e - Lightning Bolt                 Conjuration/Air              5
Comestibles
 c - a bread ration
 f - 2 beef jerkies
 g - a chunk of flesh


   Skills:
 - Level 2.4 Dodging
 - Level 2.4 Stealth
 + Level 4.5 Spellcasting
 - Level 1.1 Conjurations
 - Level 3.0 Air Magic


You had 5 spell levels left.
You knew the following spells:

 Your Spells              Type           Power        Failure   Level  Hunger
a - Shock                 Conj/Air       ##..         8%          1    None
b - Repel Missiles        Chrm/Air       ##....       12%         2    #......
c - Swiftness             Chrm/Air       ##......     12%         2    #......


Dungeon Overview and Level Annotations

Branches:
Dungeon (2/15)

Altars:

Annotations:
D:2 Robin


Message History

The hobgoblin shouts!
The goblin shouts! x2; The hobgoblin shouts!
The goblin shouts!
The adder hisses angrily.
Found four items.
Found two stone staircases leading down.
There is a stone staircase leading up here.
Casting: Shock
Confirm with . or Enter, or press ? or * to list all spells.
Aiming: Shock
Press: ? - help, Shift-Dir - straight line, f - hobgoblin
Aim: a hobgoblin You miscast Shock.
You are very lightly contaminated with residual magic.
Nothing appears to happen.
Robin roars a battlecry!
The goblins go into a battle-frenzy!
A bat comes into view.
The hobgoblin hits you!
Ouch! That really hurt!
The goblin hits you.
You die...

...........
..>.......#
......gg..#
.....g....#
....gggg..#
.[...g....##
...g.)ggg.?#
......g@...#
...........#
...b....##..#
........# >#
........# #
?......S#
........#
######...


You could see Robin, an adder, 4 hobgoblins, 8 goblins and a bat.

Vanquished Creatures
  A dart slug (D:1)
  A bat (D:1)
  3 goblins (D:1)
  A hobgoblin (D:1)
  3 jackals (D:1)
  A kobold (D:1)
  A frilled lizard (D:1)
  7 rats (D:1)
18 creatures vanquished.

Notes
Turn   | Place    | Note
-------+----------+-------------------------------------------
     0 | D:1      | Gottschkopf the Deep Elf Air Elementalist began the quest for the Orb.
     0 | D:1      | Reached XP level 1. HP: 10/10 MP: 6/6
   347 | D:1      | Reached skill level 4 in Spellcasting
   347 | D:1      | Reached XP level 2. HP: 15/15 MP: 5/9
   351 | D:1      | Learned a level 2 spell: Repel Missiles
   354 | D:1      | Learned a level 2 spell: Swiftness
   811 | D:2      | Noticed Robin
   813 | D:2      | Slain by a goblin

Vault maps used:
D:1:      evilmike_arrival_fibonacci_small, grunt_decor_mini_mirrors,
          serial_bayou_pond_e, minmay_tree_intersection
D:2:      ecumenical_altar_2, xom_redecorated, uniq_robin

Skill      XL: |  1 |
---------------+----+-----
Spellcasting   | 4 |  4.5
Dodging        | |  2.4
Stealth        | |  2.4
Conjurations   | |  1.1
Air Magic      | |  3.0

Action                   || total
-------------------------++-------
Melee: Unarmed           ||     6
 Cast: Shock             ||    29
       Repel Missiles    ||     1
Armor: Robe              ||     2
Dodge: Dodged            ||     7
